 Dungeon Crawl Stone Soup version 0.27-a0-380-g150de4c316 (webtiles) character file.

Game seed: 10760279869740780908

255049 sahdkjhfkaj the Grappler (level 20, -10/253 HPs)
             Began as an Ogre Transmuter on Feb 17, 2021.
             Was the Champion of Okawaru.
             Mangled by an ettin
             ... wielding a +0 great mace
              (17 damage)
             ... on level 4 of the Vaults on Feb 18, 2021.
             The game lasted 01:41:21 (68299 turns).

sahdkjhfkaj the Grappler (Ogre Transmuter)         Turns: 68299, Time: 01:41:22

Health: -10/253    AC: 31    Str: 23    XL:     20   Next: 19%
Magic:  21/34      EV: 12    Int: 19    God:    Okawaru [******]
Gold:   2216       SH: 12    Dex: 13    Spells: 4/39 levels left

rFire    . . .     SeeInvis .     - Unarmed
rCold    . . .     Faith    .   Q - +1 kite shield {AC+3}
rNeg     + . .     Spirit   .   (armour currently unavailable)
rPois    ∞         Reflect  .   h - +0 hat
rElec    +         Harm     .   N - +0 cloak {rPois}
rCorr    .         Rampage  .   (gloves unavailable)
Will     +++++                  (boots unavailable)
Stlth    ..........             g - amulet of the acrobat
HPRegen  0.52/turn              R - ring "Xirecli" {rPois Will+++ Str+3 Dex+6 Stlth-}
MPRegen  0.24/turn              s - +4 ring of slaying

@: statue-form, very slightly contaminated, constricted, very slow
A: large, unfitting armour, clumsy 1
}: 1/15 runes: gossamer
a: End Transformation, Renounce Religion, Heroism, Finesse


You were on level 4 of the Vaults.
You worshipped Okawaru.
Okawaru was exalted by your worship.
You were a stone statue.
You visited 5 branches of the dungeon, and saw 31 of its levels.

You collected 3928 gold pieces.
You spent 1712 gold pieces at shops.

Inventory:

Missiles
 O - 27 large rocks {RUK}
 X - 8 javelins
Armour
 h - a +0 hat (worn)
 N - a +0 cloak of poison resistance (worn)
 Q - a +1 kite shield of protection (worn)
 W - the +3 robe "Kimely" (melded) {Int+7}
   (Okawaru gifted it to you on level 1 of the Vaults)

   It affects your intelligence (+7).
Jewellery
 c - a ring of ice
 d - a +6 ring of dexterity
 f - a ring of fire
 g - an amulet of the acrobat (around neck)
 n - a ring of positive energy
 p - a +4 ring of protection
 r - a ring of resist corrosion
 s - a +4 ring of slaying (right hand)
 x - a ring of magical power
 I - a ring of protection from fire
 R - the ring "Xirecli" (left hand) {rPois Will+++ Str+3 Dex+6 Stlth-}
   (You found it on level 13 of the Dungeon)

   [ring of dexterity]

   It affects your strength (+3).
   It affects your dexterity (+6).
   It protects you from poison.
   It affects your willpower, your defense against some magical effects.
   It makes you less stealthy.
Wands
 a - a wand of iceblast (26) {@v4}
 v - a wand of paralysis (6)
 z - a wand of acid (15) {@v2}
 F - a wand of digging (7) {@v1}
 K - a wand of charming (7)
 L - a wand of flame (80)
 P - a wand of polymorph (29)
 T - a wand of mindburst (15)
Scrolls
 e - 3 scrolls of fear
 i - 9 scrolls of teleportation {@r3}
 k - 3 scrolls of magic mapping
 o - 3 scrolls of blinking {@r4}
 t - 4 scrolls of immolation
 w - 2 scrolls of silence
 y - 6 scrolls of fog
 B - 3 scrolls of vulnerability
 D - 8 scrolls of identify {@r1}
 S - 2 scrolls of amnesia
 Y - 4 scrolls of enchant armour
Potions
 b - 6 potions of flight
 j - 5 potions of cancellation
 l - 3 potions of invisibility
 m - 2 potions of magic
 q - 2 potions of brilliance
 u - 3 potions of mutation
 C - 3 potions of heal wounds {@q2}
 E - 2 potions of lignification
 G - 4 potions of curing {@q1}
 H - 7 potions of haste {@q3}
 J - 3 potions of attraction
 U - 4 potions of might {@q4}
 V - 4 potions of ambrosia
 Z - a potion of resistance {@q6}
Miscellaneous
 A - a condenser vane
 M - a tin of tremorstones (2/2)


   Skills:
 - Level 11.0 Fighting
 - Level 10.0 Throwing
 - Level 10.0 Dodging
 - Level 9.0 Shields
 + Level 13.5 Unarmed Combat
 - Level 10.0 Spellcasting
 - Level 7.7 Conjurations
 - Level 8.1 Necromancy
 - Level 5.0 Translocations
 - Level 12.0 Transmutations
 - Level 2.0 Fire Magic
 - Level 6.0 Ice Magic
 - Level 12.0 Earth Magic
 - Level 5.0 Poison Magic
 - Level 10.0 Invocations
 - Level 5.0 Evocations


You had 4 spell levels left.
You knew the following spells:

 Your Spells              Type           Power        Failure   Level
a - Frozen Ramparts       Ice            64%          1%          3
b - Blink                 Tloc           N/A          1%          2
c - Statue Form           Tmut/Erth      35%          9%          6
e - Olgreb's Toxic Radia  Pois           28%          10%         4
f - Borgnjor's Vile Clut  Necr/Erth      23%          3%          5
i - Ice Form              Ice/Tmut       43%          1%          4
o - Ozocubu's Armour      Ice            32%          1%          3
q - Irradiate             Conj/Tmut      23%          3%          5
x - Ignite Poison         Fire/Tmut/Pois 33%          1%          3

Your spell library contained the following spells:

 Spells                   Type           Power        Failure   Level
 Beastly Appendage        Tmut           100%         1%          1
 Freeze                   Ice            100%         1%          1
 Magic Dart               Conj           100%         1%          1
 Sandblast                Erth           100%         1%          1
 Sting                    Tmut/Pois      100%         1%          1
 Searing Ray              Conj           76%          1%          2
 Sublimation of Blood     Necr           20%          1%          2
 Wereblood                Tmut           53%          1%          2
 Spider Form              Tmut/Pois      20%          1%          3
 Stone Arrow              Conj/Erth      92%          1%          3
 Petrify                  Tmut/Erth      53%          1%          4
 Animate Dead             Necr           20%          2%          4
 Conjure Flame            Conj/Fire      27%          3%          3
 Poisonous Vapours        Pois/Air       38%          4%          2
 Dazzling Flash           Conj/Hex       48%          4%          3
 Mephitic Cloud           Conj/Pois/Air  25%          4%          3
 Hailstorm                Conj/Ice       35%          4%          4
 Iskenderun's Mystic Bla  Conj/Tloc      33%          5%          4
 Leda's Liquefaction      Hex/Erth       16%          6%          4
 Corona                   Hex            10%          8%          1
 Portal Projectile        Hex/Tloc       38%          8%          3
 Call Imp                 Summ           9%           11%         2
 Slow                     Hex            9%           11%         2
 Inner Flame              Hex/Fire       13%          14%         3
 Fulminant Prism          Conj/Hex       12%          16%         4
 Summon Ice Beast         Ice/Summ       20%          22%         4
 Cause Fear               Hex            4%           58%         4
 Blade Hands              Tmut           26%          1%          5
 Alistair's Intoxication  Tmut/Pois      27%          6%          5
 Bolt of Magma            Conj/Fire/Erth 18%          11%         5
 Fireball                 Conj/Fire      13%          28%         5
 Eringya's Noxious Bog    Tmut/Pois      20%          34%         6
 Death Channel            Necr           20%          36%         6
 Simulacrum               Ice/Necr       18%          52%         6
 Ignition                 Fire           8%           100%        8


Dungeon Overview and Level Annotations

Branches:
Dungeon (15/15)            Temple (0/1) D:6            Lair (6/6) D:9
 Shoals (0/4) Lair:3       Spider (4/4) Lair:4        Slime (0/5) Lair:6
    Orc (2/2) D:11            Elf (0/3) Orc:2        Vaults (4/5) D:13
  Crypt (0/3) Vaults:3     Depths (0/5) D:15

Altars:
Ashenzari
Cheibriados
Elyvilon
Fedhas
Gozag
Hepliaklqana
Kikubaaqudgha
Okawaru
Trog
Uskayaw
Vehumet
Yredelemnul
Beogh
Jiyva

Shops:
D:4 [   D:7 ?   D:15 ?   Orc:1 *   Orc:2 ([(:   Vaults:1 ?   Vaults:2 *

Annotations:
Vaults:1 2 transporters


Innate Abilities, Weirdness & Mutations

You are too large for most types of armour.
((You have tough skin. (AC +1)))
You are clumsy. (Dex -2)


Message History

The ettin hits you with a +0 great mace!!
* * * LOW HITPOINT WARNING * * *
The ettin hits you with a +0 great mace.
* * * LOW HITPOINT WARNING * * *
The tentacled monstrosity tentacle-slaps you but does no damage. x3
* * * LOW HITPOINT WARNING * * *
The tentacled monstrosity constricts you.
Casting: Statue Form (mildly dangerous; 9% risk of failure)
Confirm with . or Enter, or press ? or * to list all spells.
You erupt in a fountain of uncontrolled magic!
The tentacled monstrosity is blasted with magical radiation!!
The tentacled monstrosity is almost dead.
The tentacled monstrosity twists and deforms.
The ettin is blasted with magical radiation!!
The ettin is moderately wounded.
The ettin twists and deforms.
You are very lightly contaminated with residual magic.
You block the ettin's attack. The ettin barely misses you.
The tentacled monstrosity tentacle-slaps you but does no damage.
You block the tentacled monstrosity's attack.
The tentacled monstrosity tentacle-slaps you but does no damage.
The tentacled monstrosity constricts you.
Casting: Irradiate (mildly dangerous; 3% risk of failure)
Confirm with . or Enter, or press ? or * to list all spells.
You erupt in a fountain of uncontrolled magic!
The tentacled monstrosity is blasted with magical radiation!!
The tentacled monstrosity is almost dead.
The tentacled monstrosity twists and deforms.
The ettin is blasted with magical radiation!!
The ettin is almost dead.
The ettin twists and deforms.
The tentacled monstrosity barely misses you.
The tentacled monstrosity closely misses you.
The tentacled monstrosity tentacle-slaps you but does no damage.
* * * LOW HITPOINT WARNING * * *
The tentacled monstrosity constricts you!
The ettin hits you with a +0 great mace!
* * * LOW HITPOINT WARNING * * *
The ettin hits you with a +0 great mace!
You die...

#..........................
............... .......>
##### ....... #...) ###...
##...##################
#....'(....!#?.....##..
##...XC.....'......)...
#....)8....†#(.....##..
##((.###############...
#... ##.. ### #... ##..
#... ##.. #... ##..


You could see a tentacled monstrosity (misshapen) and an ettin (misshapen).

Vanquished Creatures
  A golden dragon (Vaults:4)
  Arachne (Spider:2)
  A tentacled monstrosity (Vaults:4)
  Rupert (D:15)
  Kirke (Spider:4)
  Roxanne (D:14)
  A fire giant (Vaults:1)
  A revenant (Vaults:3)
  The ghost of Sun the Unseen, an adept KoDe of Gozag (Lair:6)
  3 deep elf sorcerers
  The ghost of Zieveyxi the Geomancer, a journeyman DgEE (Orc:1)
  An orc warlord (Orc:1)
  5 vault wardens
  3 ghost moths (Spider:4)
  8 emperor scorpions
  5 ironheart preservers
  6 very ugly things
  2 stone giants
  Azrael (D:11)
  A spark wasp (Spider:4)
  A minotaur (Lair:2)
  2 deep elf annihilators (Vaults:2)
  The ghost of sahdkjhfkaj the Transmogrifier, a journeyman OgTm of Cheibriados (Lair:3)
  The ghost of Daesira the Frost Mage, a journeyman DsIE of Okawaru (D:13)
  3 ettins
  4 fire dragons
  2 yaktaur captains
  A great orb of eyes (Vaults:3)
  A jiangshi (Vaults:3)
  4 ice dragons
  3 catoblepae (Lair:6)
  8 hydras
  Fannar (D:10)
  4 vault guards
  4 rakshasas
  10 boulder beetles
  4 ogre magi
  25 two-headed ogres
  5 centaur warriors
  6 tengu warriors
  2 vampire magi
  16 death yaks
  2 orc high priests
  3 deep elf knights
  2 shadow wraiths
  2 glowing orange brains
  A flayed ghost (Vaults:2)
  3 unseen horrors
  6 skeletal warriors
  3 deep elf archers
  A harpy (Vaults:4)
  5 deep elf pyromancers
  9 ironbrand convokers
  12 orc knights
  A harpy (shapeshifter) (Vaults:3)
  A lindwurm (Lair:3)
  2 deep elf zephyrmancers (Vaults:3)
  A necromancer (D:15)
  2 phantasmal warriors
  2 wizards
  23 ugly things
  A wolf spider zombie (D:15)
  3 manticores
  5 oklob plants
  18 orb spiders
  31 wolf spiders
  5 moths of wrath
  6 orc sorcerers
  A salamander (Orc:1)
  4 cyclopes
  11 black mambas
  An elephant (Lair:2)
  A frost giant skeleton (D:15)
  4 torpor snails
  The ghost of Tarl the Cutter, a novice VSBe of Trog (D:6)
  3 gargoyles
  15 cane toads
  6 vault sentinels
  A rime drake (Lair:2)
  3 kobold demonologists
  16 demonic crawlers
  9 komodo dragons
  28 yaktaurs
  A freezing wraith (Vaults:3)
  A tengu conjurer (D:8)
  27 jumping spiders
  2 polar bears
  8 trolls
  A shadow dragon simulacrum (Vaults:3)
  9 hornets
  A raiju (shapeshifter) (Vaults:3)
  10 slime creatures
  A spriggan zombie (D:15)
  11 dream sheep
  16 blink frogs
  A spriggan skeleton (D:15)
  55 redbacks
  A hog (Spider:4)
  28 tarantellas
  A shadow (D:15)
  2 wraiths (D:14)
  11 wyverns
  102 yaks
  2 neqoxecs (D:13)
  3 fire elementals
  6 basilisks
  10 vampire mosquitoes
  7 wargs
  A tengu zombie (D:15)
  16 water moccasins
  2 acid dragons
  4 hell hounds (D:12)
  45 orc warriors
  A swamp drake (D:9)
  A black bear (Lair:3)
  4 sky beasts
  A hornet zombie (D:11)
  3 ice beasts
  2 eyes of draining
  7 wolves
  4 boggarts (Vaults:3)
  26 ogres
  3 phantoms
  18 centaurs
  5 kobold brigands
  Blork the orc (D:6)
  25 bullfrogs
  A gnoll sergeant (D:10)
  A water moccasin zombie (D:10)
  7 scorpions
  9 killer bees
  5 wights
  9 howler monkeys
  3 electric eels
  2 spectral bullfrogs (D:6)
  4 centaur zombies
  8 jellies
  6 quasits
  6 hounds
  6 bullfrog skeletons
  23 orc priests
  6 centaur skeletons
  5 iguanas
  20 orc wizards
  17 worker ants
  A howler monkey zombie (D:5)
  4 worker ant zombies
  Robin (D:2)
  12 gnolls
  9 adders
  A river rat (D:4)
  3 shadow imps
  A white imp (D:6)
  An ufetubus (D:8)
  An ooze (D:3)
  3 worms
  2 dart slugs (D:3)
  7 leopard geckos
  120 orcs
  10 bats
  9 giant cockroaches
  24 goblins
  7 hobgoblins
  3 jackals (D:7)
  3 quokkas
  7 frilled lizards
  13 kobolds
  A leopard gecko skeleton (D:5)
  A quokka skeleton (D:4)
  3 quokka zombies
  6 rats
1284 creatures vanquished.

Vanquished Creatures (others)
  A tarantella (Spider:1)
  4 humans (Spider:4)
  2 orc warriors
  A wight (D:12)
  2 orcs
  2 goblins (D:3)
  43 fungi
  73 plants
  3 withered plants
131 creatures vanquished.

Grand Total: 1415 creatures vanquished

Notes
Turn   | Place    | Note
-------+----------+-------------------------------------------
     0 | D:1      | sahdkjhfkaj the Ogre Transmuter began the quest for the
                  | Orb.
     0 | D:1      | Reached XP level 1. HP: 19/19 MP: 3/3
   364 | D:1      | Reached XP level 2. HP: 28/28 MP: 5/5
   406 | D:1      | Reached skill level 3 in Unarmed Combat
  1486 | D:2      | Reached XP level 3. HP: 34/36 MP: 6/6
  1490 | D:2      | Learned a level 3 spell: Spider Form
  2106 | D:3      | Reached XP level 4. HP: 26/44 MP: 8/8
  2259 | D:3      | Reached skill level 1 in Poison Magic
  2541 | D:3      | Noticed Robin
  2678 | D:2      | Killed Robin
  3936 | D:3      | Found a snail-covered altar of Cheibriados.
  4029 | D:3      | Found a radiant altar of Vehumet.
  4036 | D:3      | Reached XP level 5. HP: 46/52 MP: 9/9
  4849 | D:4      | Found Mituaf's Armour Shoppe.
  5004 | D:4      | Learned a level 4 spell: Ice Form
  5041 | D:4      | Found a glowing drain.
  5101 | D:4      | Reached XP level 6. HP: 59/59 MP: 6/10
  5732 | D:5      | Entered Level 5 of the Dungeon
  6039 | D:5      | Found an iron altar of Okawaru.
  6047 | D:5      | Became a worshipper of Warmaster Okawaru
  6274 | D:5      | Reached XP level 7. HP: 63/66 MP: 4/11
  7348 | D:5      | Found a white marble altar of Elyvilon.
  7414 | D:6      | Found a runed translucent gate.
  7415 | D:6      | Found a runed translucent gate.
  7418 | D:6      | Found a runed translucent gate.
  7439 | D:6      | Noticed Tarl's ghost (novice VSBe)
  7765 | D:6      | Reached skill level 5 in Transmutations
  7919 | D:6      | Reached skill level 5 in Poison Magic
  8095 | D:6      | Reached * piety under Okawaru
  8096 | D:6      | Reached XP level 8. HP: 43/75 MP: 10/12
  8267 | D:6      | Noticed Blork the orc
  8301 | D:6      | Killed Blork the orc
  8430 | D:6      | Noticed a yak
  8463 | D:6      | Killed a yak
  8464 | D:6      | Reached skill level 4 in Unarmed Combat
  8643 | D:6      | Noticed a yak
  8659 | D:6      | Noticed a yak
  8662 | D:6      | Noticed a yak
  8668 | D:6      | Noticed a yak
  8673 | D:6      | Noticed a yak
  8679 | D:6      | Killed a yak
  8679 | D:6      | Reached ** piety under Okawaru
  8680 | D:6      | Reached skill level 5 in Fighting
  8895 | D:6      | Killed a yak
  8916 | D:6      | Killed a yak
  8917 | D:6      | Reached XP level 9. HP: 43/89 MP: 13/13
  8925 | D:6      | Learned a level 5 spell: Blade Hands
  9115 | D:6      | Reached skill level 5 in Dodging
  9115 | D:6      | Reached skill level 5 in Unarmed Combat
  9610 | D:6      | Found a staircase to the Ecumenical Temple.
  9667 | D:6      | Found a hide-covered altar of Uskayaw.
 10029 | D:7      | Found Ytuur's Magic Scroll Emporium.
 10029 | D:7      | Found a basalt altar of Yredelemnul.
 10047 | D:6      | Reached *** piety under Okawaru
 10512 | D:7      | Reached skill level 6 in Unarmed Combat
 11650 | D:7      | Found a broken altar of Ashenzari.
 11742 | D:4      | Bought the +1 robe "Uxofaviu" {Int+5} for 278 gold pieces
 11933 | D:7      | Reached XP level 10. HP: 106/106 MP: 10/14
 11943 | D:7      | Got a crude war axe
 11943 | D:7      | Identified the +9 war axe "Jehatzosh" {freeze, Str+3 Int+2}
                  | (You found it on level 7 of the Dungeon)
 12257 | D:8      | Found an iron altar of Okawaru.
 12257 | D:8      | Found a hazy altar of Hepliaklqana.
 12314 | D:8      | Reached **** piety under Okawaru
 12390 | D:8      | Found a hide-covered altar of Uskayaw.
 12390 | D:8      | Found an ancient bone altar of Kikubaaqudgha.
 12448 | D:8      | Noticed a gargoyle
 12458 | D:8      | Killed a gargoyle
 12762 | D:8      | Reached skill level 7 in Unarmed Combat
 13027 | D:8      | Reached skill level 1 in Ice Magic
 13117 | D:8      | Noticed a two-headed ogre
 13125 | D:8      | Killed a two-headed ogre
 13125 | D:8      | Reached ***** piety under Okawaru
 13278 | D:8      | Noticed a two-headed ogre
 13301 | D:8      | Killed a two-headed ogre
 13301 | D:8      | Received a gift from Okawaru
 13302 | D:8      | Reached skill level 5 in Spellcasting
 13414 | D:8      | Noticed a two-headed ogre
 13445 | D:8      | Killed a two-headed ogre
 13446 | D:8      | Reached XP level 11. HP: 72/115 MP: 11/18
 14464 | D:9      | Reached skill level 5 in Ice Magic
 15637 | D:9      | Found a staircase to the Lair.
 15655 | D:9      | Received a gift from Okawaru
 15918 | D:10     | Entered Level 10 of the Dungeon
 16771 | D:10     | Learned a level 3 spell: Ozocubu's Armour
 16798 | D:10     | Noticed a two-headed ogre
 16812 | D:10     | Killed a two-headed ogre
 16855 | D:10     | Noticed Fannar
 16877 | D:10     | Killed Fannar
 17164 | D:10     | Noticed a two-headed ogre
 17198 | D:10     | Killed a two-headed ogre
 17282 | D:10     | Noticed a two-headed ogre
 17325 | D:10     | Killed a two-headed ogre
 17326 | D:10     | Reached skill level 10 in Transmutations
 17326 | D:10     | Reached XP level 12. HP: 83/123 MP: 12/19
 17878 | Lair:1   | Entered Level 1 of the Lair of Beasts
 18023 | Lair:1   | Reached skill level 1 in Invocations
 18023 | Lair:1   | Reached skill level 1 in Evocations
 19120 | Lair:2   | Noticed an eight-headed hydra
 19134 | Lair:2   | Killed an eight-headed hydra
 19134 | Lair:2   | Received a gift from Okawaru
 19501 | Lair:2   | Reached skill level 5 in Invocations
 20855 | Lair:2   | Reached skill level 5 in Evocations
 21769 | Lair:2   | Noticed a six-headed hydra
 21778 | Lair:2   | Killed a six-headed hydra
 21778 | Lair:2   | Received a gift from Okawaru
 22295 | Lair:3   | You fall into a shaft and drop 1 floor!
 22326 | Lair:3   | Identified the Grimoire of Spatial Heat
 22338 | Lair:3   | Reached XP level 13. HP: 90/131 MP: 12/20
 22887 | Lair:3   | Reached skill level 10 in Fighting
 23070 | Lair:3   | Found a runed translucent gate.
 23689 | Lair:3   | Reached ****** piety under Okawaru
 23720 | Lair:3   | Learned a level 3 spell: Frozen Ramparts
 23833 | Lair:3   | Found a staircase to the Shoals.
 23980 | Lair:3   | Received a gift from Okawaru
 23981 | Lair:3   | Got a twisted robe {god gift}
 23991 | Lair:3   | Identified the +2 robe "Ommokh" {+Fly rElec} (Okawaru
                  | gifted it to you on level 3 of the Lair of Beasts)
 24242 | Lair:3   | Noticed a minotaur
 24242 | Lair:3   | Noticed sahdkjhfkaj's ghost (journeyman OgTm)
 24285 | Lair:3   | Reached skill level 8 in Unarmed Combat
 24506 | Lair:3   | Found a runed translucent gate.
 24506 | Lair:3   | Found a runed translucent gate.
 24809 | Lair:4   | You fall into a shaft and drop 2 floors!
 24809 | Lair:6   | Entered Level 6 of the Lair of Beasts
 25508 | Lair:5   | Learned a level 5 spell: Borgnjor's Vile Clutch
 26244 | Lair:4   | Reached skill level 10 in Invocations
 26554 | Lair:4   | Found a hole to the Spider Nest.
 27293 | Lair:5   | Reached skill level 9 in Unarmed Combat
 27897 | Lair:5   | Received a gift from Okawaru
 27898 | Lair:5   | Reached XP level 14. HP: 116/146 MP: 17/21
 28351 | Lair:5   | Reached skill level 10 in Unarmed Combat
 28402 | Lair:5   | Reached skill level 1 in Necromancy
 28442 | Lair:5   | Reached skill level 1 in Earth Magic
 28593 | Lair:5   | Found a hide-covered altar of Uskayaw.
 29576 | D:6      | Killed Tarl's ghost
 30828 | D:11     | Found a staircase to the Orcish Mines.
 31070 | D:12     | Noticed Azrael
 31551 | D:11     | Killed Azrael
 33005 | D:13     | Found a transporter.
 33032 | D:13     | Noticed Daesira's ghost (journeyman DsIE)
 33117 | D:13     | Found a transporter.
 33122 | D:13     | Reached skill level 1 in Throwing
 33393 | D:13     | Found a gate to the Vaults.
 34397 | D:13     | Received a gift from Okawaru
 34398 | D:13     | Reached skill level 5 in Throwing
 34410 | D:13     | Got faintly humming steam dragon scales {god gift}
 34421 | D:13     | Identified the +0 steam dragon scales "Juyth" {Rampage
                  | rCorr Str+5 Dex-4} (Okawaru gifted it to you on level 13 of
                  | the Dungeon)
 35688 | D:14     | Reached XP level 15. HP: 123/153 MP: 18/23
 36795 | D:14     | Found an opulent altar of Gozag.
 36866 | D:14     | Identified Roxanne's Disquisition on Clay
 36866 | D:14     | Noticed Roxanne
 36902 | D:14     | Killed Roxanne
 36912 | D:14     | Learned a level 6 spell: Statue Form
 37194 | D:14     | Reached skill level 5 in Earth Magic
 37472 | D:15     | Entered Level 15 of the Dungeon
 37487 | D:15     | Found a blossoming altar of Fedhas.
 37707 | D:15     | Paralysed by a hornet for 2 turns
 37998 | D:15     | Received a gift from Okawaru
 39146 | D:15     | Received a gift from Okawaru
 39514 | D:15     | Found a staircase to the Depths.
 40094 | D:15     | Noticed Rupert
 40107 | D:15     | Killed Rupert
 40898 | D:15     | Found Pesch's Magic Scroll Boutique.
 41109 | D:15     | Bought 2 scrolls of teleportation for 96 gold pieces
 41109 | D:15     | Bought a scroll of blinking for 120 gold pieces
 41109 | D:15     | Bought a scroll of blinking for 120 gold pieces
 41109 | D:15     | Bought a scroll of teleportation for 48 gold pieces
 41261 | Orc:1    | Entered Level 1 of the Orcish Mines
 41481 | Orc:1    | Found Defrivudd's Mass Market.
 41495 | Orc:1    | Found a runed translucent door.
 41495 | Orc:1    | Noticed Zieveyxi's ghost (journeyman DgEE)
 42175 | Orc:1    | Found a bloodstained altar of Trog.
 42289 | Orc:1    | Reached skill level 1 in Shields
 42609 | Orc:1    | Killed Zieveyxi's ghost
 42846 | Orc:2    | Entered Level 2 of the Orcish Mines
 43197 | Orc:2    | Found a staircase to the Elven Halls.
 43299 | Orc:2    | Reached XP level 16. HP: 162/162 MP: 27/27
 44387 | Orc:2    | Found a roughly hewn altar of Beogh.
 44448 | Orc:2    | Reached skill level 5 in Shields
 44627 | Orc:2    | Paralysed by an orc sorcerer for 2 turns
 44982 | Orc:2    | Received a gift from Okawaru
 45042 | Orc:2    | Found Dipul's Antique Weapon Shop.
 45042 | Orc:2    | Found a roughly hewn altar of Beogh.
 45331 | Orc:2    | Found a roughly hewn altar of Beogh.
 45333 | Orc:2    | Found Pik Foar's Book Shoppe.
 45846 | Orc:2    | Found a roughly hewn altar of Beogh.
 46065 | Orc:2    | Found a roughly hewn altar of Beogh.
 46264 | Orc:2    | Found Mier's Antique Weapon Boutique.
 46362 | Orc:2    | Found Kovasilo's Antique Armour Boutique.
 47924 | Lair:6   | Found a runed translucent door.
 48398 | Lair:6   | Noticed Sun's ghost (adept KoDe)
 49869 | Lair:6   | Received a gift from Okawaru
 49916 | Lair:6   | Found a runed translucent door.
 49918 | Lair:6   | Found a viscous altar of Jiyva.
 49920 | Lair:6   | Found a staircase to the Slime Pits.
 50574 | D:8      | Reached skill level 10 in Earth Magic
 51139 | D:13     | Gained mutation: You are clumsy. (Dex -2) [a neqoxec]
 51146 | D:13     | Killed Daesira's ghost
 51161 | D:13     | Got the ring "Xirecli" {Dex+6}
 51163 | D:13     | Identified the ring "Xirecli" {rPois Will+++ Str+3 Dex+6
                  | Stlth-} (You found it on level 13 of the Dungeon)
 51877 | Lair:3   | Received a gift from Okawaru
 52047 | Lair:3   | Killed sahdkjhfkaj's ghost
 52954 | Lair:6   | Killed Sun's ghost
 52955 | Lair:6   | Reached XP level 17. HP: 170/170 MP: 29/29
 52965 | Lair:6   | Learned a level 4 spell: Olgreb's Toxic Radiance
 52972 | Lair:6   | Learned a level 3 spell: Ignite Poison
 53044 | Spider:1 | Entered Level 1 of the Spider Nest
 53056 | Spider:1 | Reached skill level 1 in Fire Magic
 54485 | Spider:2 | Noticed Arachne
 54509 | Spider:2 | Killed Arachne
 54804 | Spider:2 | Received a gift from Okawaru
 56131 | Spider:3 | Reached skill level 10 in Spellcasting
 57423 | Spider:4 | Entered Level 4 of the Spider Nest
 57980 | Spider:4 | Received a gift from Okawaru
 58041 | Spider:4 | Reached XP level 18. HP: 179/179 MP: 17/32
 58603 | Spider:4 | Reached skill level 10 in Dodging
 58690 | Spider:4 | Reached skill level 5 in Necromancy
 58780 | Spider:4 | Learned a level 2 spell: Blink
 58950 | Spider:4 | Noticed Kirke
 58961 | Spider:4 | Killed Kirke
 59674 | Spider:4 | Got a gossamer rune of Zot
 60151 | Vaults:1 | Entered Level 1 of the Vaults
 60304 | Vaults:1 | Found Monam's Magic Scroll Emporium.
 60507 | Orc:2    | Bought a book of Alchemy for 1050 gold pieces
 60513 | Orc:2    | Learned a level 5 spell: Irradiate
 60727 | Vaults:1 | Received a gift from Okawaru
 60728 | Vaults:1 | Reached skill level 1 in Conjurations
 61340 | Vaults:1 | Got a warped robe {god gift}
 61350 | Vaults:1 | Identified the +3 robe "Kimely" {Int+7} (Okawaru gifted it
                  | to you on level 1 of the Vaults)
 61408 | Vaults:1 | Reached skill level 5 in Conjurations
 62408 | Vaults:1 | Found a transporter.
 62453 | Vaults:1 | Found a transporter.
 62456 | Vaults:1 | Found the +9 staff of Wucad Mu {*channel}
 63237 | Vaults:2 | Received a gift from Okawaru
 63274 | Vaults:2 | Identified a scroll of acquirement
 63274 | Vaults:2 | Acquired 745 gold pieces
 63296 | Vaults:2 | Reached XP level 19. HP: 86/185 MP: 7/33
 63656 | Vaults:2 | Found Ybobbeqe's General Store.
 63661 | Vaults:2 | Received a gift from Okawaru
 64203 | Vaults:2 | Received a gift from Okawaru
 64238 | Vaults:2 | Reached skill level 10 in Throwing
 65140 | Vaults:3 | Reached skill level 11 in Unarmed Combat
 65311 | Vaults:3 | Reached skill level 12 in Unarmed Combat
 65942 | Vaults:3 | Reached skill level 1 in Translocations
 66097 | Vaults:3 | Received a gift from Okawaru
 66429 | Vaults:3 | Received a gift from Okawaru
 66474 | Vaults:3 | Found a staircase to the Crypt.
 66859 | Vaults:3 | Received a gift from Okawaru
 67587 | Vaults:4 | Received a gift from Okawaru
 67588 | Vaults:4 | Reached XP level 20. HP: 169/195 MP: 34/34
 68142 | Vaults:4 | Reached skill level 13 in Unarmed Combat
 68142 | Vaults:4 | Reached skill level 5 in Translocations
 68285 | Vaults:4 | Noticed a golden dragon
 68295 | Vaults:4 | Killed a golden dragon
 68299 | Vaults:4 | HP: 7/253 [ettin/+0 great mace (17)]
 68299 | Vaults:4 | Mangled by an ettin

Illustrated notes

Levels and vault maps discovered:
D:1:      dpeg_arrival_solitude, layout_loops_corners
D:2:      layout_rooms, minmay_statues_item
D:3:      layout_rooms, lemuel_crystal_altar, fiery_altar_vehumet,
          grunt_ministairs_4, minmay_goblin_outpost, uniq_robin
D:4:      layout_loops_ring, serial_shops, nicolae_shop_stone,
          gup_sewer_entry_bubbles
D:5:      layout_loops_corners, lemuel_coloured_pillars_altar,
          kennysheep_okawaru_gauntlet
D:6:      layout_basic, minmay_temple_entry_mist, gammafunk_ghost_necromancy,
          kennysheep_flooded_box, uniq_blork_the_orc
D:7:      layout_basic, nicolae_overflow_crystal_walls, serial_shops, shop,
          basic_altar
D:8:      hangedman_cross_veins, layout_basic, gammafunk_temple_overflow_statue,
          grunt_temple_overflow_open, enter_bailey_3, st_stairs_14
D:9:      layout_loops_ring, erik_lair_dragon
D:10:     layout_loops_corners, uniq_fannar
D:11:     layout_big_octagon, erik_orc_2
D:12:     layout_basic, uniq_azrael
D:13:     layout_loops_cross, lightli_vaults_fourway_checkpoint,
          gammafunk_ghost_stat_death
D:14:     layout_roguey, nicolae_gozag_seed_capital, uniq_roxanne
D:15:     gammafunk_depths_entry_grave, layout_grid_maze,
          minmay_tree_intersection, serial_shops, shop, tgw_fedhas, uniq_rupert
Lair:1:   layout_regular_city
Lair:2:   nzn_winding_woodlands_stair_cross
          [nzn_winding_woodlands_5x15_concentric,
          nzn_winding_woodlands_center_lodge,
          nzn_winding_woodlands_5x15_pathside_ponds,
          nzn_winding_woodlands_5x5_default,
          nzn_winding_woodlands_5x5_open_star,
          nzn_winding_woodlands_5x15_sawtooth,
          nzn_winding_woodlands_center_triple_pond,
          nzn_winding_woodlands_5x15_jagged], layout_regular_city,
          serial_bayou_crossing
Lair:3:   layout_loops_ring, elwin_shoals_entry_rocks,
          maelrawn_ghost_gauntlet_escape, minmay_lair_oklob_chamber
Lair:4:   layout_loops_ring, spider_nest_entry_web_field, lemuel_fruit_fields,
          serial_bayou_shore_b, serial_bayou_shore_a
Lair:5:   layout_loops_ring, basic_altar, nicolae_quartered_pool_medium,
          grunt_megastairs_5
Lair:6:   evilmike_catoblepas_cave, layout_cave_pods, slime_altar_2,
          gammafunk_ghost_grave, chequers_serial_rivers_small_b,
          patterned_corridor
Spider:1: layout_spider_delve
Spider:2: layout_spider_delve, nicolae_spider_cling_halls, uniq_arachne
Spider:3: layout_chambers, hive_lemuel
Spider:4: grunt_spider_rune_circles, uniq_kirke
Orc:1:    layout_diamond_mine, gammafunk_ghost_grave, nicolae_orc_lava_tube,
          minmay_shop_mass, nicolae_orc_flooded_monolith, bloody_trog
Orc:2:    grunt_orc_community_town_hall, layout_caves,
          grunt_orc_community_big_house_1, grunt_orc_community_big_house_1,
          grunt_orc_community_house_3, grunt_orc_community_house_1,
          grunt_orc_community_house_3, grunt_orc_community_house_2
Vaults:1: gammafunk_dig_for_victory, v_alt_pattern_2, v_misc_25,
          grunt_vaults_hallway_long, vaults_room_fours, vaults_dpeg_diagonal,
          hangedman_vaults_slice, hangedman_vaults_maws, v_pattern_2,
          nicolae_vaults_asterisk, hangedman_vaults_restitches,
          nicolae_vaults_little_squares_3, layout_vaults_maze_bifur,
          serial_shops, shop_scrolls
Vaults:2: v_misc_1, ontoclasm_vaults_claustrophobia, ontoclasm_vaults_shuriken,
          vaults_dpeg_spiral, vaults_room_corners, vaults_dpeg_encased_lava,
          v_misc_19, layout_vaults_omnicross, serial_shops,
          nicolae_shop_behind_doors
Vaults:3: minmay_crypt_entry_simple_walls, ontoclasm_vaults_hangar, v_misc_24,
          nicolae_vaults_angled_halls, ontoclasm_vaults_eye,
          grunt_vaults_hallway_short, nicolae_vaults_what_the_h,
          vaults_mumra_chevron_long, nicolae_vaults_angled_halls,
          layout_vaults_big_room
Vaults:4: dpeg_vaults_waves, nicolae_vaults_network_quincunx
          [nicolae_vaults_network_quincunx_subvault,
          nicolae_vaults_network_quincunx_subvault,
          nicolae_vaults_network_quincunx_subvault,
          nicolae_vaults_network_quincunx_subvault,
          nicolae_vaults_network_quincunx_subvault], v_misc_23,
          vaults_room_hallway, vaults_dpeg_hooks, nicolae_vaults_little_ls,
          nicolae_vaults_shelves_hall, layout_vaults_omnigrid

Skill      XL: |  1  2  3  4  5  6  7  8  9 10 11 12 13 14 15 16 17 18 19 20 |
---------------+-------------------------------------------------------------+-----
Fighting       | 2 3 5 8 9 11 | 11.0
Unarmed Combat | 3 4 6 7 9 10 12 13 | 13.5
Transmutations | 2 3 4 5 6 10 11 12 | 12.0
Poison Magic   | 1 3 4 5 |  5.0
Spellcasting   | 3 5 7 8 10 | 10.0
Dodging        | 3 4 6 7 8 9 10 | 10.0
Ice Magic      | 4 6 |  6.0
Invocations    | 7 10 | 10.0
Evocations     | 5 |  5.0
Necromancy     | 4 8 |  8.1
Earth Magic    | 4 9 10 12 | 12.0
Throwing       | 7 8 10 | 10.0
Shields        | 3 9 |  9.0
Fire Magic     | 2 |  2.0
Conjurations   | 7 |  7.7
Translocations | 4 5 |  5.0

Action                   |  1- 3 |  4- 6 |  7- 9 | 10-12 | 13-15 | 16-18 | 19-21 || total
-------------------------+-------+-------+-------+-------+-------+-------+-------++-------
Melee: Unarmed           |    11 |    79 |   347 |   591 |  1023 |  1095 |   373 ||  3519
       Dagger            |   108 |   106 |       |       |       |       |       ||   214
       Headbutt          |     2 |       |       |       |       |       |       ||     2
       Kick              |     1 |       |       |       |       |       |       ||     1
       Punch             |       |     3 |     1 |     7 |    43 |     7 |       ||    61
       War axe           |       |       |       |    24 |       |       |       ||    24
Throw: Dart              |       |     4 |       |       |       |       |       ||     4
       Large rock        |       |       |       |       |       |       |     2 ||     2
 Cast: Beastly Appendage |     5 |       |       |       |       |       |       ||     5
       Spider Form       |       |    20 |    45 |    46 |     1 |       |       ||   112
       Blade Hands       |       |       |       |    26 |   116 |    26 |       ||   168
       Ice Form          |       |       |       |    13 |    32 |     7 |       ||    52
       Ozocubu's Armour  |       |       |       |     1 |    20 |       |       ||    21
       Frozen Ramparts   |       |       |       |       |    17 |     1 |       ||    18
       Borgnjor's Vile C |       |       |       |       |     4 |    11 |       ||    15
       Statue Form       |       |       |       |       |    15 |    93 |    52 ||   160
       Olgreb's Toxic Ra |       |       |       |       |       |   109 |    11 ||   120
       Ignite Poison     |       |       |       |       |       |    28 |     3 ||    31
       Irradiate         |       |       |       |       |       |     4 |     2 ||     6
Invok: Heroism           |       |       |       |       |     2 |       |       ||     2
       Finesse           |       |       |       |       |     2 |       |       ||     2
 Abil: End Transformatio |       |     2 |     1 |    10 |    22 |     8 |       ||    43
       Evoke Flight      |       |       |       |       |     1 |       |       ||     1
Evoke: Wand              |       |       |       |     1 |       |       |       ||     1
  Use: Potion            |     1 |       |     1 |     3 |     2 |     2 |       ||     9
       Scroll            |       |       |     6 |    12 |    14 |    12 |     2 ||    46
 Stab: Distracted        |       |       |     1 |       |       |       |       ||     1
       Sleeping          |       |       |       |     1 |       |       |       ||     1
Armor: Robe              |    40 |    41 |    10 |    26 |   111 |    38 |       ||   266
       Skin              |       |     4 |    16 |    43 |   102 |   910 |   241 ||  1316
Dodge: Dodged            |    81 |   146 |   282 |   490 |   739 |  1204 |   296 ||  3238
Block: Kite shield       |       |       |       |       |       |   931 |   315 ||  1246

Table legend: (Time is in decaauts)
 A = Elapsed time spent in this place.
 B = Non-inter-level travel time spent in this place.
 C = Inter-level travel time spent in this place.
 D = Time resting spent in this place.
 E = Time spent auto-exploring this place.
 F = Levels seen in this place.
 G = Mean time per level.
                   A        B        C        D        E       F      G
               +--------+--------+--------+--------+--------+-----+--------+
         Total |  71285 |  66653 |   4632 |   1830 |  55370 |  31 | 2299.5 |
       Dungeon |  33076 |  29888 |   3188 |    325 |  25441 |  15 | 2205.1 |
          Lair |  16781 |  15959 |    822 |   1395 |  12625 |   6 | 2796.8 |
   Spider Nest |   7619 |   7409 |    210 |      5 |   6208 |   4 | 1904.8 |
  Orcish Mines |   4833 |   4580 |    253 |     47 |   3892 |   2 | 2416.5 |
        Vaults |   8974 |   8817 |    157 |     57 |   7202 |   4 | 2243.5 |
               +--------+--------+--------+--------+--------+-----+--------+

Top non-repeatable levels by time:
    D:15: 3956 daAuts
  Lair:5: 3907 daAuts
  Lair:3: 3341 daAuts
  Lair:2: 3281 daAuts
     D:6: 3047 daAuts
    D:11: 2925 daAuts
Vaults:2: 2820 daAuts
   Orc:1: 2614 daAuts
     D:8: 2593 daAuts
  Lair:6: 2587 daAuts
    D:13: 2556 daAuts
Vaults:3: 2418 daAuts
    D:12: 2414 daAuts
Vaults:1: 2400 daAuts
     D:2: 2222 daAuts
